[ AOE2 MATCH · #506666815 ]
UnrankedAztecs vs Romans
Player's team · WIN
Rival team · LOSS
[ REPLAY ANALYSIS · EXTRACTED FROM THE RECORDED GAME ]
Feudal
10:30
Castle
27:20
Imperial
49:51
| APM avg | 64.5 |
| APM peak | 115 |
| eAPM avg | 32.5 |
| Villagers / military | 81 / 164 |
Focus
⚔️ 50.2% · 🌾 49.8%
Militia ×45 · Eagle Scout ×41 · Archer ×26 · Jaguar Warrior ×19 · Spearman ×15 · Monk ×12
Feudal
9:41
Castle
28:25
Imperial
47:23
| APM avg | 66.9 |
| APM peak | 144 |
| eAPM avg | 34.5 |
| Villagers / military | 168 / 135 |
Focus
⚔️ 30.6% · 🌾 69.4%
Militia ×61 · Scorpion ×37 · Scout Cavalry ×28 · Trebuchet (Packed) ×4 · Battering Ram ×3 · Monk ×2
Match map
Initial resources + every placement click. Lines = walls · curves = elevation contours. ◆ gold · ⬟ stone · ● berries · ✦ relic · ◌ wall gap
Your base· Open — 5t gap
凸 ( ^ 3 ^ ) 凸's base· Open — 2t gap
Smoothed initial terrain · ◌ = detected wall gap · hover for details
Inputs per minute
— Philippvs II - - 凸 ( ^ 3 ^ ) 凸
Build order — Philippvs II
First 150 of 379 actions detected
| 0:01 | Queue | Villager (Male) |
| 0:01 | Queue | Villager (Male) |
| 0:02 | Queue | Villager (Male) |
| 0:03 | Build | House |
| 0:05 | Build | House |
| 0:08 | Queue | Villager (Male) |
| 1:25 | Queue | Villager (Male) |
| 1:57 | Build | House |
| 2:01 | Queue | Villager (Male) |
| 2:26 | Queue | Villager (Male) |
| 2:30 | Build | Barracks |
| 2:54 | Queue | Villager (Male) |
| 3:02 | Build | House |
| 3:16 | Research | Loom |
| 3:23 | Queue | Militia |
| 3:25 | Queue | Militia |
| 3:46 | Queue | Villager (Male) |
| 4:02 | Queue | Militia |
| 4:17 | Queue | Villager (Male) |
| 4:32 | Queue | Militia |
| 4:32 | Queue | Militia |
| 4:43 | Queue | Villager (Male) |
| 4:54 | Queue | Militia |
| 5:08 | Queue | Villager (Male) |
| 5:31 | Queue | Villager (Male) |
| 5:31 | Queue | Villager (Male) |
| 6:04 | Queue | Villager (Male) |
| 6:25 | Queue | Villager (Male) |
| 6:29 | Build | Lumber Camp |
| 7:10 | Build | Outpost |
| 7:20 | Build | Outpost |
| 8:20 | Research | Feudal Age |
| 8:27 | Build | Mining Camp |
| 9:20 | Build | House |
| 10:22 | Build | Outpost |
| 10:27 | Queue | Militia |
| 10:30 | Age | Feudal Age |
| 10:42 | Build | Archery Range |
| 10:49 | Queue | Villager (Male) |
| 10:55 | Build | Watch Tower |
| 11:05 | Research | Man-at-Arms (upgrade) |
| 11:16 | Build | Blacksmith |
| 11:17 | Queue | Villager (Male) |
| 11:29 | Queue | Villager (Male) |
| 11:34 | Research | Double-Bit Axe |
| 11:41 | Queue | Archer |
| 11:47 | Queue | Villager (Male) |
| 11:47 | Queue | Villager (Male) |
| 12:12 | Build | House |
| 12:18 | Research | Scale Mail Armor |
| 12:27 | Build | House |
| 12:28 | Build | Palisade Wall |
| 12:29 | Build | Palisade Wall |
| 12:53 | Build | Mining Camp |
| 13:00 | Queue | Villager (Male) |
| 13:05 | Build | House |
| 13:06 | Queue | Villager (Male) |
| 13:10 | Build | House |
| 13:19 | Queue | Archer |
| 13:32 | Research | Fletching |
| 13:34 | Build | House |
| 13:37 | Build | Mill |
| 13:43 | Build | Palisade Wall |
| 14:13 | Build | House |
| 14:14 | Build | Palisade Wall |
| 14:17 | Build | House |
| 14:26 | Build | Farm |
| 14:27 | Build | Farm |
| 14:29 | Build | Farm |
| 14:31 | Build | Farm |
| 14:41 | Queue | Archer |
| 14:53 | Queue | Villager (Male) |
| 14:57 | Build | Farm |
| 14:59 | Build | Farm |
| 15:09 | Queue | Archer |
| 15:19 | Queue | Villager (Male) |
| 15:22 | Build | Farm |
| 15:46 | Queue | Militia |
| 15:50 | Queue | Archer |
| 15:50 | Queue | Archer |
| 16:07 | Build | Farm |
| 16:08 | Queue | Villager (Male) |
| 16:10 | Queue | Archer |
| 16:40 | Queue | Villager (Male) |
| 16:42 | Queue | Militia |
| 16:58 | Build | Farm |
| 17:03 | Build | House |
| 17:28 | Build | Farm |
| 17:29 | Queue | Villager (Male) |
| 17:32 | Queue | Militia |
| 18:23 | Build | Farm |
| 18:26 | Research | Forging |
| 18:40 | Build | House |
| 18:43 | Build | Palisade Wall |
| 18:48 | Queue | Archer |
| 18:48 | Queue | Archer |
| 19:08 | Queue | Villager (Male) |
| 19:33 | Build | Watch Tower |
| 19:43 | Build | Farm |
| 19:43 | Queue | Villager (Male) |
| 20:06 | Queue | Militia |
| 20:06 | Queue | Militia |
| 20:06 | Queue | Militia |
| 20:13 | Queue | Militia |
| 20:13 | Queue | Militia |
| 20:27 | Build | Watch Tower |
| 20:34 | Queue | Militia |
| 20:34 | Queue | Militia |
| 20:41 | Research | Arson |
| 20:49 | Queue | Villager (Male) |
| 20:52 | Build | Farm |
| 20:55 | Build | Lumber Camp |
| 21:53 | Build | Mining Camp |
| 22:01 | Queue | Villager (Male) |
| 23:00 | Queue | Militia |
| 23:47 | Build | Barracks |
| 24:15 | Queue | Villager (Male) |
| 24:16 | Queue | Militia |
| 24:18 | Research | Castle Age |
| 24:47 | Queue | Militia |
| 24:47 | Queue | Militia |
| 24:49 | Build | Archery Range |
| 25:01 | Queue | Militia |
| 25:06 | Queue | Archer |
| 25:06 | Queue | Archer |
| 25:06 | Queue | Archer |
| 25:18 | Queue | Militia |
| 25:32 | Queue | Archer |
| 25:33 | Queue | Militia |
| 25:40 | Queue | Archer |
| 25:53 | Queue | Archer |
| 25:53 | Queue | Archer |
| 26:01 | Queue | Militia |
| 26:02 | Queue | Archer |
| 26:07 | Queue | Archer |
| 26:19 | Queue | Archer |
| 26:22 | Queue | Militia |
| 26:24 | Queue | Archer |
| 26:26 | Queue | Militia |
| 26:26 | Queue | Militia |
| 26:56 | Queue | Militia |
| 26:57 | Queue | Archer |
| 27:11 | Queue | Archer |
| 27:20 | Age | Castle Age |
| 27:23 | Build | Watch Tower |
| 27:24 | Research | Long Swordsman (upgrade) |
| 27:27 | Research | Gambesons |
| 28:03 | Research | Chain Mail Armor |
| 28:29 | Queue | Archer |
| 28:31 | Research | Squires |
Build order — 凸 ( ^ 3 ^ ) 凸
First 150 of 440 actions detected
| 0:00 | Queue | Villager (Male) ×4 |
| 0:01 | Queue | Villager (Male) ×4 |
| 0:02 | Build | House |
| 0:04 | Build | House |
| 1:32 | Queue | Villager (Male) |
| 1:32 | Queue | Villager (Male) |
| 1:46 | Queue | Villager (Male) |
| 1:46 | Queue | Villager (Male) |
| 2:26 | Queue | Villager (Male) |
| 2:26 | Queue | Villager (Male) |
| 2:26 | Queue | Villager (Male) |
| 2:41 | Queue | Villager (Male) |
| 3:12 | Queue | Villager (Male) ×2 |
| 3:15 | Build | House |
| 3:21 | Build | House |
| 3:24 | Build | Lumber Camp |
| 3:56 | Queue | Villager (Male) |
| 4:37 | Queue | Villager (Male) |
| 4:37 | Queue | Villager (Male) |
| 4:43 | Research | Loom |
| 5:22 | Queue | Villager (Male) |
| 5:32 | Build | Mill |
| 5:59 | Queue | Villager (Male) |
| 6:19 | Queue | Villager (Male) |
| 6:51 | Build | Barracks |
| 6:56 | Queue | Villager (Male) |
| 7:26 | Research | Feudal Age |
| 7:45 | Build | Palisade Wall |
| 8:40 | Queue | Villager (Male) |
| 9:13 | Queue | Militia |
| 9:13 | Queue | Militia |
| 9:13 | Queue | Militia |
| 9:29 | Build | House |
| 9:41 | Age | Feudal Age |
| 9:50 | Build | Blacksmith |
| 9:55 | Queue | Villager (Male) |
| 9:57 | Build | House |
| 10:07 | Build | House |
| 10:17 | Build | Mining Camp |
| 10:22 | Build | Palisade Wall |
| 10:23 | Build | Palisade Wall |
| 10:33 | Queue | Villager (Male) |
| 10:44 | Research | Scale Mail Armor |
| 10:55 | Build | Market |
| 10:58 | Queue | Villager (Male) |
| 11:25 | Queue | Villager (Male) |
| 11:30 | Build | Palisade Wall |
| 11:36 | Build | Palisade Wall |
| 11:38 | Build | Palisade Wall |
| 11:39 | Build | Palisade Wall |
| 11:40 | Build | Palisade Wall |
| 11:50 | Queue | Villager (Male) |
| 11:57 | Queue | Villager (Male) |
| 12:01 | Build | Farm |
| 12:03 | Build | Farm |
| 12:11 | Research | Man-at-Arms (upgrade) |
| 12:36 | Build | Farm |
| 12:52 | Build | Farm |
| 13:05 | Build | Farm |
| 13:15 | Build | Farm |
| 13:26 | Queue | Militia |
| 13:36 | Build | Farm |
| 13:41 | Build | Farm |
| 13:48 | Build | Farm |
| 13:50 | Queue | Villager (Male) |
| 14:12 | Build | Farm |
| 14:17 | Queue | Villager (Male) |
| 14:19 | Build | Farm |
| 14:36 | Queue | Villager (Male) |
| 14:46 | Build | Farm |
| 14:51 | Build | Farm |
| 14:55 | Queue | Militia |
| 15:11 | Queue | Militia |
| 15:24 | Build | Farm |
| 15:30 | Queue | Militia |
| 15:39 | Build | Mining Camp |
| 16:01 | Build | House |
| 16:09 | Research | Wheelbarrow |
| 16:09 | Research | Wheelbarrow |
| 16:25 | Build | Farm |
| 16:33 | Build | Farm |
| 17:00 | Queue | Militia |
| 17:11 | Queue | Villager (Male) |
| 17:30 | Queue | Villager (Male) |
| 17:38 | Build | Lumber Camp |
| 17:52 | Build | House |
| 17:53 | Build | House |
| 17:54 | Build | House |
| 17:54 | Build | House |
| 17:55 | Build | House |
| 18:13 | Research | Forging |
| 18:13 | Research | Forging |
| 18:21 | Queue | Militia |
| 18:23 | Queue | Militia |
| 18:25 | Queue | Villager (Male) |
| 18:32 | Research | Double-Bit Axe |
| 18:40 | Queue | Villager (Male) |
| 18:51 | Build | Watch Tower |
| 18:59 | Queue | Villager (Male) |
| 19:18 | Queue | Militia |
| 19:21 | Queue | Militia |
| 19:26 | Queue | Villager (Male) |
| 19:33 | Build | Barracks |
| 19:37 | Queue | Villager (Male) |
| 19:49 | Queue | Militia |
| 19:49 | Queue | Militia |
| 20:28 | Queue | Militia |
| 20:28 | Queue | Militia |
| 20:34 | Queue | Villager (Male) |
| 20:44 | Queue | Villager (Male) |
| 21:12 | Research | Fletching |
| 21:16 | Queue | Militia |
| 21:34 | Queue | Villager (Male) |
| 21:38 | Queue | Militia |
| 21:38 | Queue | Militia |
| 22:03 | Queue | Militia |
| 22:03 | Queue | Militia |
| 22:05 | Queue | Villager (Male) |
| 22:09 | Queue | Villager (Male) |
| 22:20 | Build | Mining Camp |
| 22:43 | Queue | Villager (Male) |
| 22:56 | Queue | Militia |
| 22:57 | Queue | Militia |
| 22:57 | Queue | Villager (Male) |
| 23:38 | Queue | Militia |
| 23:38 | Queue | Militia |
| 23:39 | Queue | Villager (Male) |
| 23:48 | Queue | Villager (Male) |
| 24:04 | Queue | Militia |
| 24:21 | Queue | Villager (Male) |
| 24:37 | Queue | Militia |
| 24:38 | Queue | Militia |
| 24:44 | Queue | Militia |
| 24:44 | Queue | Militia |
| 24:45 | Queue | Villager (Male) |
| 25:00 | Queue | Villager (Male) |
| 25:24 | Build | House |
| 25:25 | Build | House |
| 25:44 | Research | Castle Age |
| 26:35 | Queue | Militia |
| 26:35 | Queue | Militia |
| 27:01 | Queue | Militia |
| 27:01 | Queue | Militia |
| 27:01 | Queue | Militia |
| 27:35 | Queue | Militia |
| 27:36 | Queue | Militia |
| 28:25 | Age | Castle Age |
| 28:27 | Research | Long Swordsman (upgrade) |
| 28:30 | Research | Squires |
| 28:31 | Research | Bodkin Arrow |
Match timeline
| 2:30 | Philippvs II · first_building Barracks |
| 6:51 | 凸 ( ^ 3 ^ ) 凸 · first_building Barracks |
| 7:45 | 凸 ( ^ 3 ^ ) 凸 · wall_segment Palisade Wall x1 |
| 9:41 | 凸 ( ^ 3 ^ ) 凸 · age_up feudal |
| 10:22 | 凸 ( ^ 3 ^ ) 凸 · wall_segment Palisade Wall x1 |
| 10:23 | 凸 ( ^ 3 ^ ) 凸 · wall_segment Palisade Wall x1 |
| 10:30 | Philippvs II · age_up feudal |
| 10:42 | Philippvs II · first_building Archery Range |
| 11:30 | 凸 ( ^ 3 ^ ) 凸 · wall_segment Palisade Wall x1 |
| 11:36 | 凸 ( ^ 3 ^ ) 凸 · wall_segment Palisade Wall x1 |
| 11:38 | 凸 ( ^ 3 ^ ) 凸 · wall_segment Palisade Wall x1 |
| 11:39 | 凸 ( ^ 3 ^ ) 凸 · wall_segment Palisade Wall x1 |
| 11:40 | 凸 ( ^ 3 ^ ) 凸 · wall_segment Palisade Wall x1 |
| 12:28 | Philippvs II · wall_segment Palisade Wall x2 |
| 12:29 | Philippvs II · wall_segment Palisade Wall x2 |
| 12:43 | 凸 ( ^ 3 ^ ) 凸 · first_market_sell 100 wood |
| 13:43 | Philippvs II · wall_segment Palisade Wall x3 |
| 14:14 | Philippvs II · wall_segment Palisade Wall x1 |
| 18:43 | Philippvs II · wall_segment Palisade Wall x1 |
| 25:42 | 凸 ( ^ 3 ^ ) 凸 · first_market_buy 100 food |
| 27:20 | Philippvs II · age_up castle |
| 28:25 | 凸 ( ^ 3 ^ ) 凸 · age_up castle |
| 28:52 | Philippvs II · wall_segment Palisade Wall x3 |
| 28:53 | Philippvs II · wall_segment Palisade Wall x1 |
| 28:54 | Philippvs II · wall_segment Palisade Wall x3 |
| 29:43 | Philippvs II · wall_segment Stone Wall x1 |
| 29:45 | Philippvs II · wall_segment Stone Wall x1 |
| 29:48 | Philippvs II · wall_segment Stone Wall x1 |
| 29:55 | 凸 ( ^ 3 ^ ) 凸 · first_building Siege Workshop |
| 32:00 | Philippvs II · first_building Monastery |
| 33:17 | Philippvs II · first_market_sell 500 wood |
| 33:19 | Philippvs II · first_market_buy 100 food |
| 35:25 | Philippvs II · first_building Castle |
| 43:44 | 凸 ( ^ 3 ^ ) 凸 · first_building Monastery |
| 44:59 | 凸 ( ^ 3 ^ ) 凸 · first_building Stable |
| 46:21 | Philippvs II · first_building Siege Workshop |
| 46:35 | 凸 ( ^ 3 ^ ) 凸 · first_building Castle |
| 47:23 | 凸 ( ^ 3 ^ ) 凸 · age_up imperial |
| 48:17 | 凸 ( ^ 3 ^ ) 凸 · wall_segment Stone Wall x5 |
| 48:27 | Philippvs II · wall_segment Stone Wall x1 |
| 48:28 | Philippvs II · wall_segment Stone Wall x1 |
| 49:51 | Philippvs II · age_up imperial |
| 56:06 | 凸 ( ^ 3 ^ ) 凸 · resign |
[ AI ANALYSIS · 1 CREDIT ]
What really happened in this match?
Wolo.gg analyzes every decision: build order, eco, micro, common mistakes by bracket. Personalized analysis on WhatsApp or Discord in 30 seconds.
Civ guide
Aztecs
Perfil
Jugador #5601832